 Dungeon Crawl Stone Soup version 0.26.0-11-g8f856b5395 (webtiles) character file.

Game seed: 1046542235745376107

55 hatsuma the Stinger (level 3, -6/32 HPs)
             Began as a Naga Venom Mage on Jan 15, 2021.
             Killed from afar by an orc wizard (9 damage)
             ... with a magic dart
             ... on level 2 of the Dungeon.
             The game lasted 00:15:43 (1945 turns).

hatsuma the Stinger (Naga Venom Mage)               Turns: 1945, Time: 00:15:44

Health: -6/32      AC:  3    Str: 11    XL:     3   Next: 93%
Magic:  2/6        EV: 10    Int: 15    God:
Gold:   58         SH:  0    Dex: 11    Spells: 3/6 levels left

rFire    . . .     SeeInvis +   r - +0 dagger (curse)
rCold    . . .     Faith    .   (no shield)
rNeg     . . .     Spirit   .   a - +0 robe
rPois    +         Reflect  .   (no helmet)
rElec    .         Harm     .   p - +0 cloak
rCorr    .         Rampage  .   (no gloves)
Will     .....                  (no barding)
Stlth    ++........             (no amulet)
HPRegen  0.10/turn              (no ring)
MPRegen  0.10/turn              (no ring)

@: slowed, very slow
A: large, see invisible, deformed body, poison resistance, slowness 2, spit
poison 1, AC +1
a: Spit Poison


You were on level 2 of the Dungeon.
You visited 1 branch of the dungeon, and saw 2 of its levels.

You collected 58 gold pieces.

Inventory:

Hand Weapons
 r - a cursed +0 dagger (weapon)
Armour
 a - a +0 robe (worn)
 p - a +0 cloak (worn)
Jewellery
 h - an uncursed amulet of faith
 o - a +6 ring of dexterity {unknown}
Scrolls
 c - a scroll of fog
 d - a scroll of teleportation
 e - a scroll of amnesia {unknown}
 g - 2 scrolls of enchant armour {unknown}
 j - 2 scrolls of magic mapping
 q - a scroll of remove curse {unknown}
Potions
 b - a potion of berserk rage {unknown}
 f - a potion of curing {unknown}
 k - a potion of cancellation {unknown}
 l - 2 potions of degeneration {unknown}
 m - a potion of heal wounds {unknown}
 n - a potion of brilliance {unknown}


   Skills:
 - Level 2.0 Fighting
 - Level 1.5 Dodging
 + Level 4.0 Stealth
 - Level 2.0 Spellcasting
 - Level 1.0 Transmutations
 - Level 2.0 Air Magic
 - Level 4.0 Poison Magic


You had 3 spell levels left.
You knew the following spells:

 Your Spells              Type           Power        Failure   Level
a - Sting                 Tmut/Pois      36%          8%          1
b - Poisonous Vapours     Pois/Air       20%          10%         2

Your spell library contained the following spells:

 Spells                   Type           Power        Failure   Level
 Mephitic Cloud           Conj/Pois/Air  7%           28%         3
 Ignite Poison            Fire/Tmut/Pois 6%           32%         3
 Olgreb's Toxic Radiance  Pois           13%          38%         4


Dungeon Overview and Level Annotations

Branches:
Dungeon (2/15)

Altars:

Annotations:
D:2 Robin


Innate Abilities, Weirdness & Mutations

You cannot wear boots.
Your serpentine skin is tough. (AC +1)
You have supernaturally acute eyesight. (SInv)
Armour fits poorly on your strangely shaped body.
Your system is resistant to poisons. (rPois)
You cover ground very slowly.
You can spit poison.


Message History

The orc wizard barely misses you. The orc hits you but does no damage.
You hit the orc wizard but do no damage.
The orc wizard is almost dead.
The orc wizard casts a spell at you.
You feel yourself slow down.
You closely miss the orc wizard.
The orc wizard is almost dead.
The orc hits you from afar with a +0 trident!
* * * LOW HITPOINT WARNING * * *
The orc wizard gestures at you while chanting.
The magic dart hits you.
* * * LOW HITPOINT WARNING * * *
The orc misses you.
The orc wizard hits you with a +0 dagger.
* * * LOW HITPOINT WARNING * * *
You closely miss the orc wizard.
The orc wizard is almost dead.
The orc wizard casts a spell at you. The magic dart hits you!
You die...

##.###
###.######.########.###..
#.#
#.........>..............
#.#
##########......###.###..
#.######## #####...##.#
#.. #.......##⌠ ##.....#
#.. #########.oo##♣#
##.#### ### #o.oo+ ###
#..o##o# ### ## ♣@♣ #.#
#'# #.# ##.# #.# #..# #.#
##### #####.#######.#
#....
###.(........##.#####....
#.....######.##..........
#.....# ##.###.........
#.....# #....#.........


You could see 2 orc wizards and an orc.

Vanquished Creatures
  An adder (D:2)
  An ooze (D:1)
  A leopard gecko (D:1)
  A giant cockroach (D:2)
  5 goblins
  4 hobgoblins
  2 jackals (D:2)
  A quokka (D:2)
  3 bats
  10 frilled lizards (D:1)
  9 kobolds
  5 rats
43 creatures vanquished.

Notes
Turn   | Place    | Note
-------+----------+-------------------------------------------
     0 | D:1      | hatsuma the Naga Venom Mage began the quest for the Orb.
     0 | D:1      | Reached XP level 1. HP: 15/15 MP: 3/3
    40 | D:1      | Reached skill level 1 in Fighting
   116 | D:1      | Reached XP level 2. HP: 10/25 MP: 3/5
   304 | D:1      | Learned a level 2 spell: Poisonous Vapours
   734 | D:1      | Reached XP level 3. HP: 30/32 MP: 6/6
   949 | D:2      | Reached skill level 1 in Air Magic
  1026 | D:2      | Noticed Robin
  1945 | D:2      | Killed from afar by an orc wizard

Illustrated notes

Levels and vault maps discovered:
D:1:      giann_wishing_wells, layout_basic, minmay_lizard_pond
D:2:      minmay_kobold_bridge, layout_basic, amethyst_overflow_temple_binary,
          uniq_robin

Skill      XL: |  1  2  3 |
---------------+----------+-----
Fighting       | 1 2 |  2.0
Stealth        | 4 |  4.0
Air Magic      | 2 |  2.0
Dodging        | |  1.5
Spellcasting   | |  2.0
Transmutations | |  1.0
Poison Magic   | |  4.0

Action                   || total
-------------------------++-------
Melee: Unarmed           ||    20
       Dagger            ||    45
 Cast: Sting             ||    39
       Poisonous Vapours ||     5
  Use: Scroll            ||     3
 Stab: Sleeping          ||    10
Armor: Robe              ||    14
Dodge: Dodged            ||    40
